 Dungeon Crawl Stone Soup version 0.30-a0-956-gcec3b41aec (webtiles) character file.

Game seed: 9522771163553412654

9946 DeathPants the Cleaver (level 11, -5/60 HPs)
             Began as a Vine Stalker Fighter on Mar 29, 2023.
             Was an Initiate of Gozag.
             Slain by a worldbinder (6 damage)
             ... on level 2 of the Abyss.
             The game lasted 00:27:46 (8793 turns).

DeathPants the Cleaver (Vine Stalker Fighter)       Turns: 8793, Time: 00:27:46

Health: -5/60      AC: 16    Str: 29    XL:     11   Next: 54%
Magic:  0/12       EV:  7    Int:  8    God:    Gozag
Gold:   1400       SH:  7    Dex: 20    Spells: 10/10 levels left

rFire   . . .      SeeInvis .    b - +0 broad axe (flame)
rCold   . . .      Faith    .    c - +0 buckler
rNeg    . . .      Spirit   +    I - +1 plate armour
rPois   .          Reflect  .    H - +1 helmet
rElec   .          Rampage  .    (no cloak)
rCorr   .                        (no gloves)
Will    +....                    (no boots) Stlth
                                 n - amulet of regeneration
HPRegen 0.00/turn                m - +6 ring of strength
MPRegen 0.13/turn                i - +6 ring of dexterity

@: sick
A: fangs 3, regeneration 1, magic shield, antimagic bite, no potion heal 2,
devolution 1
a: Renounce Religion, Potion Petition, Call Merchant, Bribe Branch


You were on level 2 of the Abyss.
You worshipped Gozag.
Gozag was most pleased with you.
You visited 2 branches of the dungeon, and saw 12 of its levels.
You visited the Abyss 1 time.
You also visited: Ossuary.

You collected 1556 gold pieces.
You paid 156 gold pieces to Gozag.

Inventory:

Hand Weapons
 a - a +0 war axe of venom
 b - a +0 broad axe of flaming (weapon)
Missiles
 p - 14 poisoned darts
 u - 16 boomerangs
 v - 4 throwing nets (quivered)
Armour
 c - a +0 buckler (worn)
 H - a +1 helmet (worn)
 I - a +1 plate armour (worn)
Jewellery
 i - a +6 ring of dexterity (right hand)
 m - a +6 ring of strength (left hand)
 n - an amulet of regeneration (around neck)
 y - a ring of protection from fire
Wands
 C - a wand of polymorph (4)
 E - a wand of charming (6)
 G - a wand of iceblast (5)
Scrolls
 f - 7 scrolls of teleportation
 k - 2 scrolls of enchant armour
 q - 2 scrolls of blinking
 r - 2 scrolls of summoning
 s - 3 scrolls of amnesia
 B - a scroll of fog
Potions
 d - 2 potions of might
 e - a potion of attraction
 g - 3 potions of lignification
 h - a potion of invisibility
 j - a potion of haste
 l - 3 potions of resistance
 o - 6 potions of curing
 t - a potion of berserk rage
 w - a potion of mutation
 z - a potion of ambrosia {unknown}
 A - a potion of brilliance {unknown}
 D - a potion of cancellation {unknown}
Miscellaneous
 F - a box of beasts


   Skills:
 + Level 7.8 Fighting
 * Level 10.6 Axes
 + Level 7.1 Armour
 + Level 7.9 Shields


You had 10 spell levels left.
You didn't know any spells.
Your spell library contained the following spells:

 Spells                   Type           Power      Damage    Failure   Level
 Freeze                   Ice            0%         1d3       99%         1
 Blink                    Tloc           0%         N/A       100%        2
 Cigotuvi's Dreadful Rot  Necr/Pois/Air  0%         N/A       100%        2
 Lesser Beckoning         Tloc           0%         N/A       100%        2
 Momentum Strike          Conj/Tloc      0%         3d8       100%        2
 Poisonous Vapours        Pois/Air       0%         N/A       100%        2
 Scorch                   Fire           0%         2d5       100%        2
 Frozen Ramparts          Ice            0%         1d1       100%        3
 Hailstorm                Conj/Ice       0%         3d3       100%        3
 Ignite Poison            Fire/Tmut/Pois 0%         N/A       100%        3
 Kindle Blastsparks       Fire/Tloc/Air  0%         2d10      100%        3
 Mephitic Cloud           Conj/Pois/Air  0%         N/A       100%        3
 Portal Projectile        Hex/Tloc       0%         N/A       100%        3
 Tukima's Dance           Hex            0%         N/A       100%        3
 Flame Wave               Conj/Fire      0%         2d4       100%        4
 Blade Hands              Tmut           0%         N/A       100%        5
 Freezing Cloud           Conj/Ice/Air   0%         6-21      100%        5
 Summon Cactus Giant      Summ           0%         N/A       100%        6


Dungeon Overview and Level Annotations

Branches:
Dungeon (11/15)            Temple (1/1) D:6            Lair (0/5) D:10
    Orc (0/2) D:10        Ossuary (visited)

Altars:
Ashenzari
Cheibriados
Elyvilon
Fedhas
Gozag
Hepliaklqana
Kikubaaqudgha
Nemelex Xobeh
Okawaru
Qazlal
Ru
Trog
Uskayaw
Vehumet
Wu Jian
Xom

Shops:
D:5 :   D:10 (

Annotations:
D:10 2 transporters, jr88keys's ghost, novice MfIE
D:11 Sonja


Innate Abilities, Weirdness & Mutations

You have razor-sharp teeth.
Your natural rate of healing is unusually fast.
When hurt, damage is shared between your health and your magic reserves.
Your bite disrupts and absorbs the magic of your enemies.
Potions cannot restore your health.
You have hidden genetic defects.


Message History

The quasit bites you but does no damage.
The quasit claws you but does no damage. x2
The red very ugly thing engulfs you.
The vault sentinel blows a loud note on a signal horn!
You hear a bark!
The ironbound thunderhulk attacks as you move away!
The ironbound thunderhulk barely misses you.
You block the quasit's attack.
The quasit claws you but does no damage. x2
The worldbinder hits you but does no damage. x2
The worldbinder attacks as you move away!
The worldbinder barely misses you.
The worldbinder hits you but does no damage.
The quasit attacks as you move away!
The quasit bites you but does no damage.
The quasit claws you but does no damage.
You block the quasit's attack.
The red very ugly thing attacks as you move away!
The red very ugly thing engulfs you.
You are covered in liquid flames.
You are covered in liquid flames! x2
* * * LOW HITPOINT WARNING * * *
The vault sentinel blows a loud note on a signal horn!
You hear two shouts!
You hear a bark!
You are covered in liquid flames!
* * * LOW HITPOINT WARNING * * *
The worldbinder hits you but does no damage. x2
You are covered in liquid flames!
* * * LOW HITPOINT WARNING * * *
The worldbinder attacks as you move away!
The worldbinder hits you.
* * * LOW HITPOINT WARNING * * *
The worldbinder hits you but does no damage.
The worldbinder hits you.
* * * LOW HITPOINT WARNING * * *
The worldbinder hits you but does no damage.
The worldbinder attacks as you move away!
The worldbinder hits you but does no damage.
The worldbinder hits you.
You die...
Your body crumbles into a pile of gold.

###x..## ###...## ##
#.#.##..#..##. # #.
.#...# ... .## ##...#
#5..# ..# ##.## ##.##
#.## ## ..###..x###...##
..# ....#..5uX#.....#..
...........xXpOx@.......
# #.#.......#####..#.#.
#.#.........# ...# #
###.......# ..#
##......# ## #.##...###
## #. .# #..... .>......


You could see a red very ugly thing (summoned), an ironbound thunderhulk
(summoned), a vault sentinel (summoned, catching breath), 2 large abominations,
a worldbinder, 2 small abominations, an iron imp and a quasit.

Vanquished Creatures
  2 two-headed ogres
  2 komodo dragons (D:10)
  A kobold demonologist (D:10)
  3 trolls
  2 hornets
  A raiju (Abyss:1)
  Sigmund (D:2)
  A shadow (D:9)
  A vampire (D:11)
  7 yaks
  A wyvern (D:7)
  3 steam dragons
  A vampire mosquito (D:11)
  An acid dragon (D:8)
  Duvessa (D:7)
  4 orc warriors
  2 ogres
  7 centaurs
  2 kobold brigands (D:10)
  Blork the orc (D:6)
  4 bullfrogs
  5 scorpions
  4 wights (D:6)
  3 gnoll sergeants (D:8)
  Dowan (D:7)
  16 killer bees
  A howler monkey (D:7)
  2 centaur zombies (Ossuary)
  6 hounds
  5 gnoll boudas
  7 orc priests
  3 iguanas
  Terence (D:2)
  2 sleepcaps
  Natasha (D:4)
  6 orc wizards
  6 mummies (Ossuary)
  24 gnolls
  7 adders
  A shadow imp (D:5)
  3 white imps
  An ufetubus (D:5)
  4 worms
  2 dart slugs
  24 orcs
  6 endoplasms
  4 giant cockroaches
  5 goblins
  4 hobgoblins
  3 jackals (D:8)
  11 kobolds
  4 quokkas
  9 ball pythons
  5 bats
  8 frilled lizards
  3 hobgoblin zombies (Ossuary)
  7 rats
252 creatures vanquished.

Vanquished Creatures (others)
  A fungus (D:10)
  8 plants
  4 starspawn tentacles (Abyss:2)
13 creatures vanquished.

Grand Total: 265 creatures vanquished

Notes
Turn   | Place    | Note
-------+----------+-------------------------------------------
     0 | D:1      | DeathPants the Vine Stalker Fighter began the quest for the
                  | Orb.
     0 | D:1      | Reached XP level 1. HP: 11/11 MP: 2/2
   127 | D:1      | Reached skill level 2 in Axes
   170 | D:1      | Reached XP level 2. HP: 16/16 MP: 3/3
   243 | D:1      | Reached XP level 3. HP: 7/19 MP: 1/4
   797 | D:2      | Noticed Sigmund
   803 | D:2      | Killed Sigmund
   804 | D:2      | Reached skill level 3 in Axes
   804 | D:2      | Gained mutation: Your natural rate of healing is unusually
                  | fast. [Vine Stalker growth]
   804 | D:2      | Reached XP level 4. HP: 21/24 MP: 3/5
   804 | D:2      | Reached XP level 5. HP: 24/28 MP: 3/6
   923 | D:2      | Reached XP level 6. HP: 32/32 MP: 7/7
  1048 | D:3      | Noticed Terence
  1066 | D:2      | Killed Terence
  1374 | D:2      | Found a faded altar of an unknown god.
  1645 | D:4      | Reached skill level 4 in Axes
  2336 | D:5      | Entered Level 5 of the Dungeon
  2421 | D:5      | Reached XP level 7. HP: 16/37 MP: 3/8
  2541 | D:5      | Found a sand-covered staircase.
  2546 | Ossuary  | Entered an ossuary
  2698 | D:4      | Found a snail-covered altar of Cheibriados.
  2699 | D:4      | Found a sparkling altar of Nemelex Xobeh.
  2699 | D:4      | Found an ornate altar of the Wu Jian Council.
  2700 | D:4      | Found a sacrificial altar of Ru.
  2769 | D:4      | Reached skill level 5 in Axes
  2806 | D:4      | Gained mutation: You have razor-sharp teeth. [Vine Stalker
                  | growth]
  2806 | D:4      | Reached XP level 8. HP: 39/42 MP: 9/9
  3024 | D:5      | Noticed an air elemental
  3028 | D:5      | Found a stormy altar of Qazlal.
  3121 | D:4      | Noticed Natasha
  3127 | D:4      | Killed Natasha
  3197 | D:5      | Found Huenny's Self-Improvement Boutique.
  3198 | D:5      | Found an iron altar of Okawaru.
  3252 | D:5      | Found a radiant altar of Vehumet.
  3357 | D:5      | Noticed a water elemental
  3581 | D:6      | Found a shimmering altar of Xom.
  3590 | D:6      | Reached skill level 6 in Axes
  3598 | D:6      | Reached skill level 5 in Fighting
  3598 | D:6      | Reached skill level 5 in Shields
  3630 | D:6      | Noticed Blork the orc
  3632 | D:6      | Killed Blork the orc
  3836 | D:6      | Reached XP level 9. HP: 40/47 MP: 5/10
  3967 | D:6      | Reached skill level 7 in Axes
  3967 | D:6      | Reached skill level 5 in Armour
  4208 | D:6      | Found a staircase to the Ecumenical Temple.
  4220 | Temple   | Entered the Ecumenical Temple
  4238 | Temple   | Became a worshipper of Gozag Ym Sagoz the Greedy
  4613 | D:7      | Identified the +1 robe of Eternity {Rampage Str+5}
  4735 | D:8      | Noticed a two-headed ogre
  4802 | D:7      | Killed a two-headed ogre
  4803 | D:7      | Reached skill level 8 in Axes
  4903 | D:7      | Reached XP level 10. HP: 53/53 MP: 11/11
  5078 | D:7      | Noticed Duvessa
  5085 | D:7      | Killed Duvessa
  5088 | D:7      | Noticed Dowan
  5093 | D:7      | Killed Dowan
  6691 | D:9      | Reached skill level 9 in Axes
  6774 | D:9      | Found a blossoming altar of Fedhas.
  6866 | D:9      | Noticed a two-headed ogre
  6872 | D:9      | Killed a two-headed ogre
  7069 | D:10     | Entered Level 10 of the Dungeon
  7453 | D:10     | Reached XP level 11. HP: 58/58 MP: 12/12
  7499 | D:10     | Found a staircase to the Lair.
  7532 | D:10     | Reached skill level 10 in Axes
  7843 | D:11     | Noticed a skeletal warrior
  7843 | D:11     | Noticed a skeletal warrior
  7843 | D:11     | Noticed Sonja
  7844 | D:11     | Noticed a skeletal warrior
  7846 | D:11     | Noticed a skeletal warrior
  7847 | D:11     | Noticed a skeletal warrior
  7923 | D:10     | Found a staircase to the Orcish Mines.
  8201 | D:10     | Found a transporter.
  8201 | D:10     | Found a transporter.
  8205 | D:10     | Found a bloodstained altar of Trog.
  8220 | D:10     | Noticed a moth of wrath
  8220 | D:10     | Noticed a deep troll
  8221 | D:10     | Noticed jr88keys's ghost (novice MfIE)
  8265 | D:10     | Noticed a two-headed ogre
  8309 | D:10     | Found Xamuoss's Antique Weapon Shop.
  8311 | D:10     | Paralysed by a hornet for 2 turns
  8549 | Abyss:1  | Cast into level 1 of the Abyss (Sonja)
  8596 | Abyss:1  | Gained mutation: You have hidden genetic defects. [a
                  | neqoxec]
  8604 | Abyss:1  | Noticed a worldbinder
  8687 | Abyss:2  | Found a corrupted altar of Lugonu.
  8689 | Abyss:2  | Found a corrupted altar of Lugonu.
  8695 | Abyss:2  | Noticed a tentacled starspawn
  8701 | Abyss:2  | Noticed a starcursed mass
  8730 | Abyss:2  | Noticed a large abomination
  8755 | Abyss:2  | Noticed a large abomination
  8762 | Abyss:2  | Noticed a large abomination
  8772 | Abyss:2  | Noticed a starcursed mass
  8781 | Abyss:2  | Noticed a worldbinder
  8782 | Abyss:2  | Noticed a green very ugly thing
  8785 | Abyss:2  | Noticed an ironbound thunderhulk
  8785 | Abyss:2  | Noticed a red very ugly thing
  8792 | Abyss:2  | HP: 1/60 [worldbinder (3)]
  8793 | Abyss:2  | Slain by a worldbinder

Illustrated notes

Levels and vault maps discovered:
D:1:      dpeg_arrival_castle, layout_basic, minmay_octomino_e4
D:2:      layout_basic, dreamdust_ecumenical_altar_grove, uniq_sigmund
D:3:      layout_rooms, dk_vineyard_3, roderic_lattice_a, uniq_terence
D:4:      layout_gridville, chequers_temple_overflow_statue_of_worship,
          chequers_hall_statues_corner_a, uniq_natasha
D:5:      layout_gridville, mainiacjoe_overflow_catch_the_wave,
          nicolae_qazlal_style_of_elements, nicolae_ossuary_entry_plus,
          moated_statue, nicolae_shop_self_help
D:6:      layout_loops_corners, xom_confusion_cloud, temple_hall,
          uniq_blork_the_orc
D:7:      layout_loops_corners, uniq_duvessa
D:8:      layout_cave_pools, serial_gnoll_camp, gnoll_camp_mini_basic,
          gnoll_camp_mini_sergeant, gnoll_camp_mini_hut, gnoll_camp_medium_01
D:9:      layout_long_grid, lemuel_tele_altar
D:10:     layout_roguey, grunt_lair_entry_orc_guard_hut, orc_0_dummy,
          serial_shops, shop, gammafunk_ghost_wrathful_warriors
D:11:     layout_cave_pools, serial_shops, nicolae_shop_crystal,
          nicolae_shop_waterfront, uniq_sonja
Temple:   nicolae_temple_god_jail
Abyss:2:  base: D:6, small_statue_intersection, serial_sigils_hangedman_shear

Skill      XL: |  1  2  3  4  5  6  7  8  9 10 11 |
---------------+----------------------------------+-----
Axes           | 2 3 4 5 6 8 9 10 | 10.6
Fighting       | 3 4 5 6 7 |  7.8
Shields        | 3 4 5 6 7 |  7.9
Armour         | 3 4 5 6 7 |  7.1

Action                     |  1- 3 |  4- 6 |  7- 9 | 10-12 || total
---------------------------+-------+-------+-------+-------++-------
  Melee: War axe           |    82 |    82 |   191 |   139 ||   494
         Bite              |    15 |    27 |    58 |    82 ||   182
         Broad axe         |       |       |       |    97 ||    97
  Throw: Throwing net      |       |       |       |     2 ||     2
    Use: Potion            |     1 |       |       |     2 ||     3
         Scroll            |       |     9 |    11 |     6 ||    26
   Stab: Distracted        |       |       |       |     1 ||     1
 Armour: Scale mail        |    18 |       |       |       ||    18
         Chain mail        |    16 |    21 |       |       ||    37
         Plate armour      |       |    10 |   147 |   237 ||   394
  Dodge: Dodged            |    38 |    27 |    65 |   116 ||   246
  Block: Buckler           |    18 |    19 |    74 |   142 ||   253

Table legend: (Time is in decaauts)
 A = Elapsed time spent in this place.
 B = Non-inter-level travel time spent in this place.
 C = Inter-level travel time spent in this place.
 D = Time resting spent in this place.
 E = Time spent auto-exploring this place.
 F = Levels seen in this place.
 G = Mean time per level.
                   A        B        C        D        E       F      G
               +--------+--------+--------+--------+--------+-----+--------+
         Total |   8942 |   8671 |    271 |    540 |   5333 |  15 |  596.1 |
       Dungeon |   8563 |   8305 |    258 |    540 |   5206 |  11 |  778.5 |
        Temple |     32 |     19 |     13 |      0 |      6 |   1 |   32.0 |
         Abyss |    229 |    229 |      0 |      0 |     78 |   2 |  114.5 |
       Ossuary |    116 |    116 |      0 |      0 |     43 |   1 |  116.0 |
               +--------+--------+--------+--------+--------+-----+--------+

Top non-repeatable levels by time:
     D:6: 1082 daAuts
     D:7: 1075 daAuts
     D:8: 1059 daAuts
    D:10: 1034 daAuts
     D:2: 902 daAuts
     D:9: 819 daAuts
     D:1: 703 daAuts
     D:3: 689 daAuts
     D:4: 571 daAuts
     D:5: 515 daAuts
 Abyss:2: 171 daAuts
 Ossuary: 116 daAuts
    D:11: 108 daAuts
 Abyss:1: 58 daAuts
  Temple: 32 daAuts
